 Dungeon Crawl Stone Soup version 0.21.1-1-g345015f (webtiles) character file.

268 Solrac the Cudgeler (level 6, 0/56 HPs)
             Began as a Hill Orc Monk on Mar 13, 2018.
             Was a Believer of Beogh.
             Slain by a rat (1 damage)
             ... on level 4 of the Dungeon.
             The game lasted 00:10:42 (2903 turns).

Solrac the Cudgeler (Hill Orc Monk)                 Turns: 2903, Time: 00:10:43

Health: 0/56       AC:  6    Str: 14    XL:     6   Next: 21%
Magic:  3/6        EV: 11    Int: 12    God:    Beogh [**....]
Gold:   214        SH:  0    Dex: 13    Spells: 5/5 levels left

rFire    . . .     SeeInvis .   a - +0 mace
rCold    . . .     Gourm    .   (no shield)
rNeg     . . .     Faith    .   g - +0 ring mail
rPois    .         Spirit   .   (no helmet)
rElec    .         Reflect  .   m - +0 cloak
rCorr    .         Harm     .   (no gloves)
MR       +....                  (no boots)
Stlth    +.........             w - amulet of rage
HPRegen  0.18/turn              u - ring of protection from magic
MPRegen  0.10/turn              (no ring)

@: no status effects
A: no striking features
a: Smiting, Renounce Religion, Evoke Berserk Rage


You were on level 4 of the Dungeon.
You worshipped Beogh.
Beogh was pleased with you.
You were not hungry.

You visited 1 branch of the dungeon, and saw 4 of its levels.

You collected 214 gold pieces.

Inventory:

Hand Weapons
 a - a +0 mace (weapon)
Missiles
 i - 85 stones (quivered)
 j - 3 tomahawks
Armour
 b - a +0 robe
 g - a +0 ring mail (worn)
 m - a +0 cloak (worn)
Jewellery
 u - a ring of protection from magic (left hand)
 w - an amulet of rage (around neck)
 A - an uncursed ring of wizardry {unknown}
Wands
 p - a wand of flame (33)
 x - a wand of random effects (24)
Scrolls
 e - a scroll of fear {unknown}
 f - 2 scrolls of random uselessness {unknown}
 h - 3 scrolls of identify {unknown}
 l - 2 scrolls of enchant weapon {unknown}
 o - a scroll of noise {unknown}
 r - a scroll of remove curse {unknown}
 y - a scroll of amnesia {unknown}
 z - 2 scrolls of blinking {unknown}
Potions
 d - 4 potions of curing {unknown}
 k - 3 potions of lignification {unknown}
 n - 2 potions of flight {unknown}
 q - a potion of cancellation {unknown}
 s - a potion of agility {unknown}
 v - a potion of brilliance {unknown}
Comestibles
 c - 8 rations
 t - a chunk of flesh


   Skills:
 + Level 5.5 Fighting
 * Level 6.3 Maces & Flails
 - Level 2.4 Dodging
 - Level 1.5 Stealth


You had 5 spell levels left.
You didn't know any spells.

Dungeon Overview and Level Annotations

Branches:
Dungeon (4/15)
 Temple: D:4-7

Altars:

Portals:
Sewer: D:4


Message History

The giant cockroach barely misses you.
Aiming: Smiting
Press: ? - help, Dir - move target cursor, f - bullfrog skeleton Smite: a bullfrog skeleton (moderately damaged)
You smite the bullfrog skeleton!
The bullfrog skeleton is severely damaged.
The bullfrog skeleton hits you.
* * * LOW HITPOINT WARNING * * *
The rat bites you but does no damage. The giant cockroach closely misses you.
The bullfrog skeleton hits you.
* * * LOW HITPOINT WARNING * * *
You fail to use your ability.
The giant cockroach bites you but does no damage.
The rat bites you but does no damage.
The bullfrog skeleton hits you but does no damage.
The giant cockroach bites you but does no damage.
You barely miss the bullfrog skeleton.
The bullfrog skeleton is severely damaged.
The rat bites you.
You die...

#...#####....#
#...##..'.######...
#.......#.#∩≈≈≈≈..#
#.......#.#≈≈≈≈...#
#...........#.#≈≈≈≈...#
#.......##..#.#≈≈≈....
#..##...##..#.#......
#. #...##..'...r# .
#...##..#.Z@s#
........#....#
+........#..........
#'##. #.......... . #
#####...... ......
...... ...... .....


You could see a giant cockroach, a rat and a bullfrog skeleton.

Vanquished Creatures
  A phantom (D:4)
  A worker ant (D:4)
  7 adders
  3 oozes
  A worm (D:2)
  2 leopard geckos (D:1)
  6 orcs (D:3)
  2 giant cockroaches
  4 goblins
  8 hobgoblins
  4 jackals (D:2)
  2 quokkas
  2 ball pythons
  7 bats
  3 frilled lizards
  7 kobolds
  10 rats
70 creatures vanquished.

Vanquished Creatures (others)
  An orc (D:3)
1 creature vanquished.

Grand Total: 71 creatures vanquished

Notes
Turn   | Place    | Note
-------+----------+-------------------------------------------
     0 | D:1      | Solrac the Hill Orc Monk began the quest for the Orb.
     0 | D:1      | Reached XP level 1. HP: 19/19 MP: 1/1
   170 | D:1      | Reached XP level 2. HP: 12/27 MP: 2/2
   429 | D:1      | Reached skill level 4 in Maces & Flails
   652 | D:1      | Reached XP level 3. HP: 33/33 MP: 3/3
  1221 | D:2      | Reached XP level 4. HP: 27/41 MP: 4/4
  1866 | D:3      | Reached skill level 5 in Maces & Flails
  2195 | D:3      | Became a worshipper of Beogh the Brigand
  2195 | D:3      | Reached * piety under Beogh
  2195 | D:3      | Reached ** piety under Beogh
  2314 | D:3      | Reached XP level 5. HP: 42/47 MP: 5/5
  2721 | D:4      | Noticed a phantom
  2755 | D:4      | Killed a phantom
  2755 | D:4      | Reached skill level 5 in Fighting
  2755 | D:4      | Reached skill level 6 in Maces & Flails
  2755 | D:4      | Reached XP level 6. HP: 27/56 MP: 6/6
  2886 | D:4      | Found a glowing drain.
  2901 | D:4      | HP: 1/56 [bullfrog skeleton (4)]
  2903 | D:4      | Slain by a rat

Skill      XL: |  1  2  3  4  5 |
---------------+----------------+-----
Fighting       | 4 5 |  5.5
Maces & Flails | 4 5 6 |  6.3
Dodging        | |  2.4
Stealth        | |  1.5

Action                   |  1- 3 |  4- 6 || total
-------------------------+-------+-------++-------
Melee: Mace              |   127 |   179 ||   306
Invok: Convert to Beogh  |       |     1 ||     1
       Smiting           |       |     1 ||     1
 Abil: Evoke Berserk Rag |       |     1 ||     1
  Eat: Chunk             |     1 |     7 ||     8
Armor: Robe              |    18 |       ||    18
       Ring mail         |    43 |    85 ||   128
Dodge: Dodged            |   114 |   157 ||   271
